 Dungeon Sprint DCSS version 0.23.1 (webtiles) character file.

Game seed: 551816368324617844

9429 nuthulu the Grappler (level 11, -6/123 HPs)
             Began as a Troll Monk on Mar 5, 2019.
             Was a High Priest of Yredelemnul.
             Killed by divine providence
             ... invoked by a daeva
              (11 damage)
             ... in the Dungeon (Sprint I: "Red Sonja").
             The game lasted 00:06:41 (1725 turns).

nuthulu the Grappler (Troll Monk)                   Turns: 1725, Time: 00:06:42

Health: -6/123     AC:  9    Str: 28    XL:     11   Next: 22%
Magic:  14/17      EV: 15    Int:  6    God:    Yredelemnul [*****.]
Gold:   570        SH:  0    Dex: 12    Spells: 10/10 levels left

rFire    . . .     SeeInvis .     - Unarmed
rCold    . . .     Gourm    +   (no shield)
rNeg     . . .     Faith    .   o - +0 troll leather armour
rPois    .         Spirit   .   (helmet restricted)
rElec    .         Reflect  .   p - scarf {repulsion}
rCorr    .         Harm     .   (gloves unavailable)
MR       .....     NoTele   +   (boots unavailable)
Stlth    +.........             t - amulet of magic regeneration
HPRegen  1.10/turn              u - +4 ring of strength
MPRegen  0.40/turn              (no ring)

@: injury mirror, hasted, glowing, repel missiles, very quick
A: large, unfitting armour, claws 3, fast metabolism 3, gourmand, regeneration
1, shaggy fur 1, tough skin 3
a: Recall Undead Slaves, Injury Mirror, Animate Dead, Drain Life, Enslave Soul,
Renounce Religion


You were in the Dungeon.
You worshipped Yredelemnul.
Yredelemnul was extremely pleased with you.
You were full.

You visited 1 branch You collected 1188 gold pieces.
You spent 618 gold pieces at shops.

Inventory:

Armour
 a - a +0 robe
 j - a +2 robe of cold resistance
 o - a +0 troll leather armour (worn)
 p - a scarf of repulsion (worn)
Jewellery
 t - an amulet of magic regeneration (around neck)
 u - a +4 ring of strength (left claw)
Wands
 c - a wand of digging (3)
 i - a wand of flame (27)
Scrolls
 d - a scroll of remove curse {unknown}
 h - a scroll of blinking
 l - a scroll of fear {unknown}
 r - a scroll of immolation {unknown}
Potions
 f - 2 potions of magic
 g - a potion of berserk rage
 k - a potion of lignification {unknown}
 n - a potion of ambrosia {unknown}
 q - 2 potions of curing
Comestibles
 b - 4 rations


   Skills:
 + Level 11.8 Fighting
 + Level 8.9 Armour
 + Level 11.8 Dodging
 - Level 1.0 Stealth
 + Level 13.7 Unarmed Combat
 + Level 9.7 Invocations


You had 10 spell levels left.
You didn't know any spells.
Your spell library was empty.

Dungeon Overview and Level Annotations

Branches:
Dungeon (1/1)

Altars:
Cheibriados
Dithmenos
Elyvilon
Fedhas
Gozag
Hepliaklqana
Kikubaaqudgha
Makhleb
Nemelex Xobeh
Okawaru
Qazlal
Ru
Sif Muna
Trog
Uskayaw
Vehumet
Wu Jian
Xom
Yredelemnul
Zin
The Shining One
Jiyva
Lugonu

Shops:
D [(*!%}[:(((*=%:[*


Innate Abilities, Weirdness & Mutations

You are too large for most types of armour.
You have claws for hands.
Your metabolism is lightning-fast.
You like to eat raw meat.
Your natural rate of healing is unusually fast.
You are covered in fur. (AC +1)
You have extremely tough skin. (AC +3)


Message History

Something hits you.
* * * LOW HITPOINT WARNING * * *
Yredelemnul mirrors your injury!
Unknown command.
You barely miss something. Something hits you.
* * * LOW HITPOINT WARNING * * *
Yredelemnul mirrors your injury! Something hits you.
* * * LOW HITPOINT WARNING * * *
Yredelemnul mirrors your injury!
Unknown command.
You swap places.
Something closely misses your flayed ghost.
Something hits your flayed ghost.
Something barely misses your flayed ghost.
Something hits your flayed ghost.
The daeva calls down the wrath of the Shining One upon you.
The Shining One smites you!
You die...
Your body rises from the dead as a mindless zombie.

####################
').z#(.#zWzz§z†WW§.+
#)..##'#z####§zzzW##
#.VWzzz#§#
##§§n#####
#####z§W§# ###z#
([## #§.##z####
#§##$$$# §.§#.z.
#§z###$# #.§#.z○.
##z#A#$# ##z###○○○
#@z###$# ##.'.#○°.#
#W##..$# .###†#^.##
#{.#+### .∩##†#..#
##... ####.# ##.#
.§##z# .# .§§§z# #
####V# z§§#.#


You could see a daeva, a friendly skeletal warrior, a friendly flayed ghost and
2 friendly flying skulls.

Vanquished Creatures
  2 centaur warriors (D)
  Sonja (D)
  2 unseen horrors (D)
  A deep troll (D)
  A lindwurm (D)
  An oklob plant (D)
  2 kobold demonologists (D)
  2 demonic crawlers (D)
  A slime creature (D)
  Sigmund (D)
  2 redbacks (D)
  8 hogs (D)
  A yak (D)
  A floating eye (D)
  4 necrophages (D)
  An ogre (D)
  7 jellies (D)
  Ijyb (D)
  3 ballistomycetes (D)
42 creatures vanquished.

Vanquished Creatures (collateral kills)
  An unseen horror (D)
  A merfolk siren (D)
  A gargoyle (D)
  A demonic crawler (D)
  5 hogs (D)
  A floating eye (D)
  3 necrophages (D)
  A jelly (D)
  A ballistomycete (D)
15 creatures vanquished.

Vanquished Creatures (others)
  A merfolk siren (D)
  A gargoyle (D)
  4 hornets (D)
  2 flying skulls (D)
  A wight (D)
  2 mummies (D)
  2 ballistomycete spores (D)
13 creatures vanquished.

Grand Total: 70 creatures vanquished

Notes
Turn   | Place    | Note
-------+----------+-------------------------------------------
     0 | D        | nuthulu the Troll Monk began the quest for the Orb.
     0 | D        | Reached XP level 1. HP: 22/22 MP: 0/0
     1 | D        | Noticed Ijyb
    20 | D        | Killed Ijyb
    20 | D        | Reached skill level 4 in Unarmed Combat
    20 | D        | Reached XP level 2. HP: 5/32 MP: 1/1
   171 | D        | Noticed an ogre
   180 | D        | Killed an ogre
   180 | D        | Reached skill level 5 in Fighting
   180 | D        | Reached skill level 5 in Dodging
   180 | D        | Reached skill level 6 in Unarmed Combat
   180 | D        | Reached XP level 3. HP: 7/42 MP: 2/2
   180 | D        | Reached XP level 4. HP: 8/50 MP: 3/3
   305 | D        | Noticed Sigmund
   309 | D        | Killed Sigmund
   309 | D        | Reached skill level 7 in Unarmed Combat
   309 | D        | Reached XP level 5. HP: 61/61 MP: 4/4
   309 | D        | Reached XP level 6. HP: 68/68 MP: 5/5
   338 | D        | Found an ornate altar of the Wu Jian Council.
   338 | D        | Found a deep blue altar of Sif Muna.
   340 | D        | Found a radiant altar of Vehumet.
   344 | D        | Reached skill level 8 in Unarmed Combat
   349 | D        | Found Qitonabe's Antique Weapon Emporium.
   349 | D        | Found an ancient bone altar of Kikubaaqudgha.
   349 | D        | Found a hazy altar of Hepliaklqana.
   349 | D        | Found a stormy altar of Qazlal.
   349 | D        | Found a hide-covered altar of Uskayaw.
   349 | D        | Found a blossoming altar of Fedhas.
   349 | D        | Found a bloodstained altar of Trog.
   349 | D        | Found an iron altar of Okawaru.
   349 | D        | Found a basalt altar of Yredelemnul.
   349 | D        | Found a glowing golden altar of the Shining One.
   349 | D        | Found a snail-covered altar of Cheibriados.
   349 | D        | Found a sacrificial altar of Ru.
   349 | D        | Found a glowing silver altar of Zin.
   349 | D        | Found a shadowy altar of Dithmenos.
   349 | D        | Found a white marble altar of Elyvilon.
   349 | D        | Noticed a yak
   350 | D        | Found an opulent altar of Gozag.
   354 | D        | Killed a yak
   354 | D        | Reached skill level 9 in Unarmed Combat
   355 | D        | Found a sparkling altar of Nemelex Xobeh.
   361 | D        | Became a worshipper of Yredelemnul the Dark
   361 | D        | Reached * piety under Yredelemnul
   361 | D        | Reached ** piety under Yredelemnul
   408 | D        | Found a viscous altar of Jiyva.
   408 | D        | Found a corrupted altar of Lugonu.
   408 | D        | Noticed a slime creature
   409 | D        | Found a burning altar of Makhleb.
   409 | D        | Found a shimmering altar of Xom.
   416 | D        | Killed a slime creature
   416 | D        | Reached XP level 7. HP: 37/80 MP: 6/6
   598 | D        | Noticed a kobold demonologist
   598 | D        | Noticed a kobold demonologist
   599 | D        | Noticed a neqoxec
   600 | D        | Reached skill level 1 in Armour
   600 | D        | Reached skill level 1 in Invocations
   605 | D        | Noticed an ice devil
   608 | D        | Killed a kobold demonologist
   608 | D        | Reached skill level 10 in Unarmed Combat
   608 | D        | Reached XP level 8. HP: 87/89 MP: 6/9
   619 | D        | Killed a kobold demonologist
   650 | D        | Noticed a centaur warrior
   651 | D        | Noticed a centaur warrior
   661 | D        | Killed a gargoyle
   665 | D        | Killed a centaur warrior
   665 | D        | Reached *** piety under Yredelemnul
   665 | D        | Reached skill level 11 in Unarmed Combat
   665 | D        | Reached skill level 5 in Invocations
   672 | D        | Killed a centaur warrior
   672 | D        | Reached skill level 5 in Armour
   672 | D        | Reached XP level 9. HP: 38/101 MP: 9/12
   783 | D        | Noticed a deep troll
   791 | D        | Killed a deep troll
   791 | D        | Reached skill level 10 in Fighting
   791 | D        | Reached skill level 10 in Dodging
   791 | D        | Received a gift from Yredelemnul (a mummy)
   953 | D        | Found Zoczostre's Armour Emporium.
   960 | D        | Bought a scarf of repulsion for 168 gold pieces
   972 | D        | Noticed Sonja
   991 | D        | HP: 2/101 [Sonja/+1 short sword of distortion (4)]
   991 | D        | Killed Sonja
   991 | D        | Reached skill level 12 in Unarmed Combat
  1084 | D        | Killed a merfolk siren
  1089 | D        | Found Reigoaha's Antique Armour Boutique.
  1171 | D        | Reached XP level 10. HP: 101/111 MP: 14/14
  1197 | D        | Killed a merfolk siren
  1223 | D        | Received a gift from Yredelemnul (a mummy)
  1343 | D        | Noticed an oklob plant
  1351 | D        | Killed an oklob plant
  1351 | D        | Reached **** piety under Yredelemnul
  1357 | D        | Received a gift from Yredelemnul (a wight)
  1389 | D        | Received a gift from Yredelemnul (3 flying skulls)
  1426 | D        | Reached ***** piety under Yredelemnul
  1427 | D        | Received a gift from Yredelemnul (a vampire)
  1429 | D        | Killed an unseen horror
  1438 | D        | Killed an unseen horror
  1438 | D        | Reached skill level 13 in Unarmed Combat
  1447 | D        | Received a gift from Yredelemnul (5 flying skulls)
  1450 | D        | Found Neleeb's Distillery.
  1458 | D        | Received a gift from Yredelemnul (a wraith)
  1459 | D        | Found Xikkyeno's Food Boutique.
  1460 | D        | Reached ****** piety under Yredelemnul
  1461 | D        | Received a gift from Yredelemnul (4 flying skulls)
  1461 | D        | Received a gift from Yredelemnul (a wraith)
  1461 | D        | Found Kuam's Food Boutique.
  1461 | D        | Found Yhisuj Rui's Book Emporium.
  1462 | D        | Found Voqa's Assorted Antiques.
  1471 | D        | Found Doenywod's General Store.
  1473 | D        | Found Nunn's Gadget Emporium.
  1473 | D        | Found Veyvvoug's Antique Armour Shop.
  1473 | D        | Found Hela Pass's Book Shoppe.
  1473 | D        | Found Nibe's Weapon Boutique.
  1473 | D        | Found Yzokoud's Antique Weapon Emporium.
  1473 | D        | Found Ucseg's Weapon Shop.
  1473 | D        | Found Xagufof's Assorted Antiques.
  1474 | D        | Found Kuynad's Jewellery Boutique.
  1481 | D        | Bought a potion of heal wounds for 140 gold pieces
  1484 | D        | Bought a dented soapstone amulet for 155 gold pieces
  1484 | D        | Bought a moonstone ring for 155 gold pieces
  1566 | D        | Noticed a gargoyle
  1572 | D        | Killed a gargoyle
  1573 | D        | Received a gift from Yredelemnul (a skeletal warrior)
  1583 | D        | Noticed a lindwurm
  1589 | D        | Killed a lindwurm
  1683 | D        | Received a gift from Yredelemnul (a flying skull)
  1691 | D        | Reached XP level 11. HP: 117/120 MP: 16/16
  1691 | D        | Received a gift from Yredelemnul (a flayed ghost)
  1699 | D        | Received a gift from Yredelemnul (a phantasmal warrior)
  1703 | D        | Received a gift from Yredelemnul (a skeletal warrior)
  1711 | D        | Received a gift from Yredelemnul (a flayed ghost)
  1711 | D        | Received a gift from Yredelemnul (a ghoul)
  1713 | D        | Noticed a daeva
  1720 | D        | Killed an unseen horror
  1724 | D        | HP: 5/123 [something (2)]
  1725 | D        | Killed from afar by a daeva

Skill      XL: |  1  2  3  4  5  6  7  8  9 10 |
---------------+-------------------------------+-----
Fighting       | 3 5 6 8 9 10 11 | 11.8
Dodging        | 3 5 6 8 9 10 11 | 11.8
Unarmed Combat | 4 6 7 9 10 11 12 13 | 13.7
Armour         | 2 5 6 8 |  8.9
Invocations    | 2 6 7 9 |  9.7
Stealth        | |  1.0

Action                   |  1- 3 |  4- 6 |  7- 9 | 10-12 || total
-------------------------+-------+-------+-------+-------++-------
Melee: Unarmed           |    24 |    15 |    49 |    77 ||   165
       Punch             |     1 |     1 |     2 |     4 ||     8
Invok: Animate Dead      |       |       |     1 |     1 ||     2
       Injury Mirror     |       |       |     1 |     1 ||     2
       Drain Life        |       |       |       |     1 ||     1
  Use: Potion            |       |       |     2 |     2 ||     4
       Scroll            |       |       |       |     2 ||     2
 Stab: Distracted        |       |       |       |     1 ||     1
  Eat: Chunk             |     1 |     8 |     5 |     4 ||    18
Armor: Robe              |     4 |     3 |    10 |       ||    17
       Troll leather arm |       |       |    11 |    31 ||    42
Dodge: Dodged            |    11 |     4 |    35 |    67 ||   117
       Deflected         |       |       |     3 |     3 ||     6
